 Dungeon Crawl Stone Soup version 0.25-a0-589-g1e14c549ee (webtiles) character file.

Game seed: 321128318957490418, levelgen mode: deterministic

414 Devinter the Grave Robber (level 6, 0/44 HPs)
             Began as a Mummy Necromancer on Mar 13, 2020.
             Slain by an orc priest
             ... wielding a +0 short sword
              (1 damage)
             ... on level 3 of the Dungeon.
             The game lasted 00:24:38 (3011 turns).

Devinter the Grave Robber (Mummy Necromancer)       Turns: 3011, Time: 00:24:39

Health: 0/44       AC:  3    Str: 11    XL:     6   Next: 60%
Magic:  2/13       EV: 12    Int: 16    God:
Gold:   184        SH:  0    Dex: 13    Spells: 11/15 levels left

rFire    x . .     SeeInvis .   l - +1 dagger (venom)
rCold    + . .     Gourm    .   (no shield)
rNeg     + + +     Faith    .   a - +0 robe
rPois    ∞         Spirit   .   (no helmet)
rElec    .         Reflect  .   n - +0 cloak
rCorr    .         Harm     .   (no gloves)
MR       .....                  (no boots)
Stlth    ++........             (no amulet)
HPRegen  0.14/turn              (no ring)
MPRegen  0.13/turn              (no ring)

@: very slightly contaminated
A: no food or potions, fire vulnerability, cold resistance 1, negative energy
resistance 3, torment resistance, unbreathing
a: no special abilities


You were on level 3 of the Dungeon.
You were not hungry.

You visited 1 branch of the dungeon, and saw 3 of its levels.

You collected 184 gold pieces.

Inventory:

Hand Weapons
 b - a +0 club
 e - a +0 hand axe
 l - a +1 dagger of venom (weapon)
Missiles
 c - 39 sling bullets
 f - 28 bolts
 g - 6 boomerangs (quivered)
 t - 17 arrows
Armour
 a - a +0 robe (worn)
 n - a +0 cloak (worn)
 s - a +0 kite shield
Jewellery
 i - an uncursed amulet of faith
Scrolls
 d - a scroll of amnesia {unknown}
 h - a scroll of blinking {unknown}
 j - a scroll of random uselessness {unknown}
 k - 3 scrolls of identify {unknown}
 m - a scroll of immolation {unknown}
 o - a scroll of enchant weapon {unknown}
 p - a scroll of teleportation {unknown}
 q - a scroll of enchant armour {unknown}
 r - a scroll of noise {unknown}
 u - 2 scrolls of remove curse {unknown}


   Skills:
 - Level 2.0 Fighting
 - Level 2.0 Dodging
 - Level 3.0 Stealth
 + Level 1.3 Shields
 - Level 5.0 Spellcasting
 + Level 5.4 Necromancy


You had 11 spell levels left.
You knew the following spells:

 Your Spells              Type           Power        Failure   Level  Hunger
a - Pain                  Necr           ###.         1%          1    N/A
b - Vampiric Draining     Necr           ###.......   4%          3    N/A

Your spell library contained the following spells:

 Spells                   Type           Power        Failure   Level  Hunger
 Animate Skeleton         Necr           N/A          1%          1    N/A
 Apportation              Tloc           #.....       16%         1    N/A
 Corona                   Hex            #......      16%         1    N/A
 Summon Small Mammal      Summ           #...         16%         1    N/A
 Animate Dead             Necr           N/A          17%         4    N/A
 Agony                    Necr           ###.....     43%         5    N/A

Dungeon Overview and Level Annotations

Branches:
Dungeon (3/15)

Altars:
Cheibriados
Nemelex Xobeh
Qazlal
Sif Muna
Vehumet
Yredelemnul

Annotations:
D:3 Jessica


Innate Abilities, Weirdness & Mutations

You do not eat or drink.
Your flesh is vulnerable to fire.
You are immune to poison.
Your flesh is cold resistant. (rC+)
You are immune to negative energy. (rN+++)
You are immune to unholy pain and torment.
You can survive without breathing.


Message History

* * * LOW HITPOINT WARNING * * *
The orc priest hits you with a +0 short sword.
* * * LOW HITPOINT WARNING * * *
Casting: Vampiric Draining (safe; 4% risk of failure)
Confirm with . or Enter, or press ? or * to list all spells.
Aiming: Vampiric Draining (safe; 4% risk of failure)
Press: ? - help, Shift-Dir - straight line, f/p - orc priest
Aim: an orc priest, wielding a +0 short sword and wearing a +0 ring mail (heavily wounded)
You miscast Vampiric Draining.
You are very lightly contaminated with residual magic.
Your bandages flutter.
* * * LOW MAGIC WARNING * * *
You feel yourself speed up.
The orc priest hits you with a +0 short sword.
* * * LOW HITPOINT WARNING * * *
You can't drink.
You barely miss the orc priest.
The orc priest is heavily wounded.
The orc priest hits you with a +0 short sword.
You die...

#........ #.####### #.#
##### #######.###...#
#...........#.#
#.#####.###.... .#
#.#######
############.#####......#
#..)....o@..........###.#
#.########..#######.# #.#
#..# ### #.###.##
#..#######.##...#
#....'_+......#..
#..###'###.##...# ##)#
#.# #......# #. #.#
#.###.###.###..# #. #.#
#.........# #..#


You could see an orc priest.

Vanquished Creatures
  A killer bee (D:2)
  2 orc wizards (D:3)
  3 orc priests (D:3)
  Natasha (twice) (D:2)
  A worker ant (D:2)
  2 adders (D:2)
  7 gnolls
  3 worms (D:2)
  A leopard gecko (D:1)
  3 orcs (D:3)
  A ball python (D:1)
  5 giant cockroaches (D:1)
  5 goblins
  6 hobgoblins
  2 jackals (D:1)
  9 kobolds
  4 bats
  2 frilled lizards
  5 rats
64 creatures vanquished.

Notes
Turn   | Place    | Note
-------+----------+-------------------------------------------
     0 | D:1      | Devinter the Mummy Necromancer began the quest for the Orb.
     0 | D:1      | Reached XP level 1. HP: 13/13 MP: 4/4
   119 | D:1      | Reached XP level 2. HP: 19/20 MP: 3/5
   161 | D:1      | Reached skill level 3 in Spellcasting
   773 | D:2      | Reached skill level 1 in Fighting
   773 | D:2      | Reached skill level 2 in Dodging
   773 | D:2      | Reached skill level 2 in Stealth
   773 | D:2      | Reached XP level 3. HP: 21/26 MP: 0/7
   778 | D:2      | Learned a level 3 spell: Vampiric Draining
   883 | D:2      | Found a shimmering blue altar of Sif Muna.
   903 | D:1      | Reached XP level 4. HP: 32/32 MP: 2/9
  1134 | D:2      | Found a sparkling altar of Nemelex Xobeh.
  1199 | D:2      | Found a radiant altar of Vehumet.
  1205 | D:2      | Noticed Natasha
  1295 | D:2      | Reached XP level 5. HP: 26/38 MP: 3/10
  1392 | D:2      | Killed Natasha
  1392 | D:2      | Reached skill level 2 in Fighting
  1681 | D:2      | Noticed Natasha
  1689 | D:2      | Killed Natasha
  1689 | D:2      | Reached skill level 4 in Spellcasting
  1943 | D:2      | Reached skill level 3 in Stealth
  1951 | D:2      | Found a stormy altar of Qazlal.
  2128 | D:2      | Reached skill level 5 in Necromancy
  2326 | D:3      | Reached XP level 6. HP: 40/44 MP: 7/12
  2547 | D:3      | Found a basalt altar of Yredelemnul.
  2601 | D:3      | Noticed Jessica
  2618 | D:2      | Reached skill level 1 in Shields
  2809 | D:3      | Found a snail-covered altar of Cheibriados.
  3008 | D:3      | Reached skill level 5 in Spellcasting
  3009 | D:3      | HP: 4/44 [orc priest/+0 short sword (2)]
  3010 | D:3      | HP: 1/44 [orc priest/+0 short sword (3)]
  3011 | D:3      | Slain by an orc priest

Levels and vault maps discovered:
D:1:      lightli_molten_gateway, layout_rooms
D:2:      layout_basic, vehumet_crystals, old_standard_altar, marbit_many_paths,
          nemelex_altar_shiori, uniq_natasha
D:3:      layout_loops_ring, nicolae_overflow_crystal_walls,
          lemuel_doored_altar, first_ration, uniq_jessica

Skill      XL: |  1  2  3  4  5  6 |
---------------+-------------------+-----
Spellcasting   | 3 4 5 |  5.0
Fighting       | 1 2 |  2.0
Dodging        | 2 |  2.0
Stealth        | 2 3 |  3.0
Necromancy     | 5 |  5.4
Shields        | 1 |  1.3

Action                   |  1- 3 |  4- 6 || total
-------------------------+-------+-------++-------
Melee: Club              |    17 |       ||    17
       Hand axe          |    23 |       ||    23
       Dagger            |     5 |    86 ||    91
 Cast: Pain              |    41 |    64 ||   105
       Vampiric Draining |       |     3 ||     3
 Stab: Sleeping          |     2 |     1 ||     3
Armor: Robe              |    16 |    11 ||    27
Dodge: Dodged            |    36 |    43 ||    79

Table legend:
 A = Non-vault XP
 B = Vault XP
 C = Vault XP percentage of total XP
 D = Non-vault monster count
 E = Vault monster count
 F = Vault count percentage of total count
                 A         B        C        D         E       F
            +---------+---------+-------+---------+---------+-------
      Total |     495 |      97 |  16.4 |      62 |       2 |   3.1
            +---------+---------+-------+---------+---------+-------
        D:1 |      54 |       0 |   0.0 |      22 |       0 |   0.0
        D:2 |     211 |      97 |  31.5 |      21 |       2 |   8.7
        D:3 |     230 |       0 |   0.0 |      19 |       0 |   0.0
            +---------+---------+-------+---------+---------+-------
